 Dungeon Crawl Stone Soup version 0.30.0-29-ga12c61a403 (webtiles) character file.

Game seed: 18136237864320269554

51 sweetbreads the Chopper (level 3, 0/33 HPs)
             Began as a Minotaur Berserker on June 5, 2023.
             Was a Believer of Trog.
             Slain by a gnoll
             ... wielding a +0 whip
              (5 damage)
             ... on level 2 of the Dungeon.
             The game lasted 00:03:27 (764 turns).

sweetbreads the Chopper (Minotaur Berserker)         Turns: 764, Time: 00:03:28

Health: 0/33       AC:  6    Str: 23    XL:     3   Next: 57%
Magic:  2/2        EV: 12    Int:  4    God:    Trog [**....]
Gold:   18         SH:  0    Dex:  9    Spells: 2/2 levels left

rFire   . . .        a - +0 hand axe
rCold   . . .        (no shield)
rNeg    . . .        b - +0 animal skin
rPois   .            (helmet restricted)
rElec   .            (no cloak)
rCorr   .            (no gloves)
SInv    .            (no boots)
Will    .....        (no amulet)
Stlth   +            d - ring of flight
HPRegen 0.25/turn    g - +4 ring of protection
MPRegen 0.08/turn

%: no passive effects
@: flying
A: horns 2, retaliatory headbutt
a: Renounce Religion, Berserk, Trog's Hand


You were on level 2 of the Dungeon.
You worshipped Trog.
Trog was pleased with you.
You visited 1 branch of the dungeon, and saw 2 of its levels.

You collected 44 gold pieces.
You spent 26 gold pieces at shops.

Inventory:

Hand Weapons
 a - a +0 hand axe (weapon)
Armour
 b - a +0 animal skin (worn)
Jewellery
 d - a ring of flight (left hand)
 g - a +4 ring of protection (right hand)
Scrolls
 f - a scroll of enchant weapon {unknown}
 h - a scroll of teleportation {unknown}
 j - a scroll of noise {unknown}
 k - a scroll of vulnerability {unknown}
 l - a scroll of identify
Potions
 c - 2 potions of resistance {unknown}
 e - a potion of might {unknown}
 i - a potion of haste {unknown}


   Skills:
 + Level 4.1 Fighting
 + Level 4.3 Axes
 * Level 2.7 Armour
 * Level 2.7 Dodging
 * Level 1.3 Unarmed Combat


You had 2 spell levels left.
You didn't know any spells.
Your spell library was empty.

Dungeon Overview and Level Annotations

Branches:
Dungeon (2/15)

Altars:

Shops:
D:1 ?

Annotations:
D:2 Jessica


Innate Abilities, Weirdness & Mutations

You have a pair of horns on your head.
You reflexively headbutt those who attack you in melee.


Message History

Level annotation: Jessica
There is a stone staircase leading up here.
Found an escape hatch in the floor.
A gnoll comes into view. It is wielding a +0 halberd.
The gnoll shouts!
There is an escape hatch in the floor here.
The gnoll shouts!
You hear a shout!
The gnoll misses you. The gnoll barely misses you.
You hit the gnoll but do no damage. The gnoll hits you with a +0 halberd.
You slash the gnoll! You headbutt the gnoll.
You kill the gnoll!
Trog accepts your kill.
A gnoll comes into view. It is wielding a +0 whip.
You hit the gnoll but do no damage. You headbutt the gnoll.
The gnoll is moderately wounded.
The gnoll hits you with a +0 whip.
You slash the gnoll!
You kill the gnoll!
Trog accepts your kill.
You barely miss the gnoll. The gnoll hits you with a +0 whip!
You hit the gnoll.
The gnoll is moderately wounded.
The gnoll closely misses you.
You hit the gnoll. You punch the gnoll.
The gnoll is severely wounded.
The gnoll hits you with a +0 whip. x2
You hit the gnoll but do no damage.
The gnoll is severely wounded.
The gnoll hits you with a +0 whip.
* * * LOW HITPOINT WARNING * * *
You hit the gnoll but do no damage.
The gnoll is severely wounded.
The gnoll hits you with a +0 whip.
* * * LOW HITPOINT WARNING * * *
Unknown command.
You barely miss the gnoll.
The gnoll is severely wounded.
The gnoll hits you with a +0 whip.
You die...

###.#
#.#...##..###.#
#...#
##.##.##......#
#.###
##.#.#.......#
#.#
#...#†####.#
#.# ##.##.# #.#
#.# #.##<# #g#
#.# #.##.# #.#
#.#
#######>##.#
#.# #.#
#.g@.......#
#.# #.#
#.#####.####
#(# #.# .. ...#
###.# #.# ##
###.# #@..# #.#
#.# #.### #.#
#.# #<# #.# #.#
#.# ..# .# #.#
### #.#


You could see a gnoll.

Vanquished Creatures
  2 gnolls (D:2)
  A worm (D:2)
  2 dart slugs (D:1)
  A ball python (D:2)
  A giant cockroach (D:1)
  3 hobgoblins (D:1)
  2 jackals (D:1)
  4 quokkas
  6 bats (D:1)
  A frilled lizard (D:2)
  A goblin (D:1)
24 creatures vanquished.

Notes
Turn   | Place    | Note
-------+----------+-------------------------------------------
     0 | D:1      | sweetbreads the Minotaur Berserker began the quest for the
                  | Orb.
     0 | D:1      | Reached XP level 1. HP: 19/19 MP: 0/0
    81 | D:2      | Noticed Jessica
   177 | D:1      | You fall into a shaft and drop 1 floor!
   184 | D:2      | Reached XP level 2. HP: 27/27 MP: 1/1
   186 | D:2      | Found a faded altar of an unknown god.
   422 | D:1      | Reached skill level 1 in Unarmed Combat
   509 | D:1      | Found Zunwen's Magic Scroll Emporium.
   552 | D:1      | Reached ** piety under Trog
   553 | D:1      | Reached XP level 3. HP: 33/33 MP: 2/2
   720 | D:1      | Bought a scroll of identify for 26 gold pieces
   764 | D:2      | Slain by a gnoll

Illustrated notes

Levels and vault maps discovered:
D:1:      roderic_octagonal_star, layout_rooms, serial_shops, shop,
          hex_intersection
D:2:      minmay_angry_zag, layout_loops_ring, shapermc_ecumenical_altar_ellora,
          uniq_robin, uniq_jessica

Skill      XL: |  1  2 |
---------------+-------+-----
Axes           | 4 |  4.3
Fighting       | 4 |  4.1
Unarmed Combat | 1 |  1.3
Armour         | |  2.7
Dodging        | |  2.7

Action                     || total
---------------------------++-------
  Melee: Hand axe          ||    53
         Headbutt          ||     8
         Punch             ||     3
 Armour: Animal skin       ||    16
  Dodge: Dodged            ||    36
